 Dungeon Crawl Stone Soup version 0.30-a0-462-gd5975efbca (webtiles) character file.

Game seed: 7123063459072296006

276077 Charly the Impassioned (level 20, -24/110 HPs)
             Began as a Vine Stalker Brigand on Dec 16, 2022.
             Was an Elder of Uskayaw.
             Killed from afar by a deep elf zephyrmancer (31 damage)
             ... with a bolt of lightning
             ... on level 3 of the Elven Halls.
             The game lasted 01:27:19 (33833 turns).

Charly the Impassioned (Vine Stalker Brigand)      Turns: 33833, Time: 01:27:20

Health: -24/110    AC: 21    Str: 20    XL:     20   Next: 36%
Magic:  0/33       EV: 21    Int: 11    God:    Uskayaw [****..]
Gold:   138        SH: 21    Dex: 34    Spells: 9/19 levels left

rFire   . . .      SeeInvis .    c - +8 rapier (elec)
rCold   + . .      Faith    +    U - +5 kite shield {rC+}
rNeg    . . .      Spirit   +    r - +0 scale mail of Hospitality {Will+ Dex+6 Slay+2}
rPois   .          Reflect  .    A - +0 helmet
rElec   .          Harm     .    L - +2 cloak of Benevolence {Slay+5}
rCorr   .          Rampage  .    l - +2 pair of gloves {Str+3}
Will    +++..                    N - +1 pair of boots
Stlth   ++++......               X - amulet of faith
HPRegen 1.18/turn                J - +4 ring of protection
MPRegen 0.23/turn                I - +6 ring of dexterity

@: marked
A: fangs 3, regeneration 1, magic shield, antimagic bite, no potion heal 2
}: 2/15 runes: decaying, serpentine
a: Renounce Religion, Stomp, Line Pass


You were on level 3 of the Elven Halls.
You worshipped Uskayaw.
Uskayaw was most pleased with you.
You visited 8 branches of the dungeon, and saw 35 of its levels.
You also visited: Ice Cave.

You collected 3697 gold pieces.
You spent 3559 gold pieces at shops.

Inventory:

Hand Weapons
 c - a +8 rapier of electrocution (weapon)
Missiles
 e - 8 curare-tipped darts (quivered)
 E - 6 throwing nets
Armour
 d - the +5 ring mail of Fun and Games {rPois}
   (You found it on level 13 of the Dungeon)

   rPois:     It protects you from poison.
 l - a +2 pair of gloves of strength (worn)
 p - a +1 tower shield of cold resistance
 r - the +0 scale mail of Hospitality (worn) {Will+ Dex+6 Slay+2}
   (You bought it in a shop on level 4 of the Dungeon)

   Dex:       It affects your dexterity (+6).
   Slay:      It affects your accuracy & damage with ranged weapons and melee
   (+2).
   Will:      It increases your willpower.
 A - a +0 helmet (worn)
 L - the +2 cloak of Benevolence (worn) {Slay+5}
   (You bought it in a shop on level 1 of the Snake Pit)

   Slay:      It affects your accuracy & damage with ranged weapons and melee
   (+5).
 N - a +1 pair of boots (worn)
 O - a +3 plate armour of fire resistance
 U - a +5 kite shield of cold resistance (worn)
Jewellery
 f - a ring of fire
 i - a ring of see invisible
 C - a ring of resist corrosion
 I - a +6 ring of dexterity (right hand)
 J - a +4 ring of protection (left hand)
 X - an amulet of faith (around neck)
Wands
 w - a wand of roots (9)
 R - a wand of light (30)
 T - a wand of digging (3)
 Y - a wand of paralysis (17)
Scrolls
 a - 2 scrolls of brand weapon
 b - 3 scrolls of fear
 k - 13 scrolls of teleportation
 m - 2 scrolls of poison
 q - 6 scrolls of vulnerability
 s - 5 scrolls of blinking
 t - 23 scrolls of identify
 u - 9 scrolls of immolation
 x - 3 scrolls of butterflies
 y - 2 scrolls of silence
 B - 8 scrolls of fog
 V - 3 scrolls of magic mapping
Potions
 g - 19 potions of curing
 h - 2 potions of flight
 j - 9 potions of haste
 n - 7 potions of ambrosia
 o - 5 potions of resistance
 v - 7 potions of cancellation
 z - 3 potions of invisibility
 D - 9 potions of mutation
 F - 3 potions of might
 G - 3 potions of magic
 H - 4 potions of attraction
 M - 3 potions of berserk rage
Miscellaneous
 P - a lightning rod (4/4)
 Q - a phial of floods
 S - a tin of tremorstones (2/2)
 W - a condenser vane (inert)
 Z - a box of beasts


   Skills:
 + Level 13.8 Fighting
 * Level 13.6(13.7) Short Blades
 - Level 1.0(8.8) Long Blades
 - Level 6.0 Throwing
 - Level 5.0 Armour
 + Level 11.4 Dodging
 - Level 10.0 Stealth
 + Level 12.2 Shields
 * Level 17.8 Invocations
 + Level 12.0 Evocations


You had 9 spell levels left.
You knew the following spells:

 Your Spells              Type           Power      Damage    Failure   Level
a - Ozocubu's Armour      Ice            0%         N/A       99%         3
b - Blink                 Tloc           0%         N/A       96%         2
q - Swiftness             Air            0%         N/A       99%         3
w - Wereblood             Tmut           0%         N/A       96%         2

Your spell library contained the following spells:

 Spells                   Type           Power      Damage    Failure   Level
 Apportation              Tloc           0%         N/A       88%         1
 Beastly Appendage        Tmut           0%         N/A       88%         1
 Magic Dart               Conj           0%         1d3       88%         1
 Necrotise                Necr           0%         1d4       88%         1
 Sandblast                Erth           0%         2d4       88%         1
 Shock                    Conj/Air       0%         1d3       88%         1
 Slow                     Hex            0%         N/A       88%         1
 Summon Small Mammal      Summ           0%         N/A       88%         1
 Call Imp                 Summ           0%         N/A       96%         2
 Momentum Strike          Conj/Tloc      0%         3d8       96%         2
 Passwall                 Tmut/Erth      0%         N/A       96%         2
 Call Canine Familiar     Summ           0%         N/A       99%         3
 Confusing Touch          Hex            0%         N/A       99%         3
 Hailstorm                Conj/Ice       0%         3d3       99%         3
 Inner Flame              Hex/Fire       0%         N/A       99%         3
 Lesser Beckoning         Tloc           0%         N/A       99%         3
 Mephitic Cloud           Conj/Pois/Air  0%         N/A       99%         3
 Spider Form              Tmut/Pois      0%         N/A       99%         3
 Stone Arrow              Conj/Erth      0%         3d7       99%         3
 Summon Guardian Golem    Hex/Summ       0%         N/A       99%         3
 Vampiric Draining        Necr           0%         2d6       99%         3
 Vhi's Electric Charge    Tloc/Air       0%         N/A       99%         3
 Airstrike                Air            0%         2d(0-16)  100%        4
 Cause Fear               Hex            0%         N/A       100%        4
 Ice Form                 Ice/Tmut       0%         N/A       100%        4
 Summon Ice Beast         Ice/Summ       0%         N/A       100%        4
 Alistair's Intoxication  Tmut/Pois      0%         N/A       100%        5
 Arcjolt                  Conj/Air       0%         1d10      100%        5
 Freezing Cloud           Conj/Ice/Air   0%         6-21      100%        5
 Iskenderun's Battlesphe  Conj           0%         2d6       100%        5
 Metabolic Englaciation   Hex/Ice        0%         N/A       100%        5
 Summon Mana Viper        Hex/Summ       0%         N/A       100%        5
 Simulacrum               Ice/Necr       0%         N/A       100%        6
 Ozocubu's Refrigeration  Ice            0%         4d7       100%        7
 Discord                  Hex            0%         N/A       100%        8
 Maxwell's Capacitive Co  Air            0%         ∞         100%        8


Dungeon Overview and Level Annotations

Branches:
Dungeon (15/15)            Temple (1/1) D:7            Lair (5/5) D:11
  Swamp (4/4) Lair:2        Snake (4/4) Lair:2        Slime (0/5) Lair:4
    Orc (2/2) D:12            Elf (3/3) Orc:2        Vaults (1/5) D:13
 Depths (0/4) D:15          IceCv (visited)

Altars:
Ashenzari
Cheibriados
Dithmenos
Elyvilon
Fedhas
Gozag
Hepliaklqana
Kikubaaqudgha
Makhleb
Nemelex Xobeh
Okawaru
Qazlal
Ru
Sif Muna
Trog
Uskayaw
Vehumet
Wu Jian
Xom
Yredelemnul
Zin
The Shining One

Shops:
D:4 [[   D:5 *   D:8 =*   Orc:2 !*([?   Elf:2 *   Snake:1 *[   Snake:2 !

Annotations:
D:4 1 transporter
Swamp:2 2 transporters, exclusion: obsidian statue, Roxanne


Innate Abilities, Weirdness & Mutations

You have razor-sharp teeth.
Your natural rate of healing is unusually fast.
When hurt, damage is shared between your health and your magic reserves.
Your bite disrupts and absorbs the magic of your enemies.
Potions cannot restore your health.


Message History

You bite the earth elemental, but do no damage.
The earth elemental is severely damaged.
The deep elf sorcerer seems less brilliant.
The deep elf elementalist is engulfed in poison gas.
The deep elf elementalist looks even sicker.
A deep elf zephyrmancer comes into view.
It is wielding a +0 rapier.
The deep elf zephyrmancer is engulfed in poison gas.
The deep elf zephyrmancer looks even sicker.
The deep elf zephyrmancer casts a spell.
The deep elf zephyrmancer blinks!
The deep elf high priest is engulfed in poison gas.
The deep elf high priest looks even sicker.
The deep elf sorcerer is empowered by the deep elf high priest's aura!
The deep elf sorcerer is engulfed in poison gas.
The deep elf sorcerer is poisoned.
The deep elf sorcerer shouts, "You are history!"
The deep elf sorcerer mumbles some strange words.
The deep elf sorcerer seems to speed up.
You hit the earth elemental. You bite the earth elemental!
You destroy the earth elemental!
The earth elemental disappears in a puff of smoke!
The deep elf sorcerer is engulfed in poison gas.
The deep elf sorcerer looks even sicker.
You hit the earth elemental. You bite the earth elemental! You drain its power.
The earth elemental is heavily damaged.
The deep elf elementalist is engulfed in poison gas.
The deep elf elementalist looks as sick as possible!
The deep elf elementalist points at you and mumbles some strange words.
The fireball explodes!
The fireball engulfs you!!!
* * * LOW HITPOINT WARNING * * *
The fireball engulfs the earth elemental.
The earth elemental completely resists.
The deep elf zephyrmancer points at you and mumbles some strange words.
The bolt of lightning hits the deep elf zephyrmancer!!
The deep elf zephyrmancer dies!
The bolt of lightning hits the earth elemental.
The earth elemental completely resists.
The bolt of lightning hits you!!
* * * LOW HITPOINT WARNING * * *
The bolt of lightning hits you!!
You die...

## ##..... #.###......
....## #.###......) #....#
#.# #.....(.. ....# #.#
#........ #...## #.#
#..)..... . #....###.#
#........ .2e ....##.#
#........ ..Ee###).#@##
#####........
......)..#§E###............
#.......)#eE§e..####.....).
###.....)#EeE#### ##......
####..E§e§## ##.....
#####§§# ####'# #§§# #.#
#### #.# #.#


You could see a deep elf sorcerer (fast, empowered, very poisoned), a deep elf
elementalist (fast, empowered, repels missiles, extremely poisoned), a deep elf
high priest (brilliance aura, very poisoned), 4 earth elementals and a deep elf
zephyrmancer (empowered).

Vanquished Creatures
  Mara (Snake:4)
  the Lernaean hydra (Swamp:4)
  Saint Roka (Snake:4)
  Vashnia (Snake:3)
  Nikola (Swamp:2)
  Jorgrun (Snake:3)
  The ghost of Manet the Impassioned, an adept DsEn of Uskayaw (Elf:1)
  Asterion (Elf:1)
  Frances (Snake:2)
  2 thorn hunters (Swamp:4)
  Donald (Snake:4)
  Agnes (Elf:2)
  3 nagarajas (Snake:4)
  A frost giant (D:14)
  3 deep elf sorcerers
  Aizul (Snake:3)
  A deep elf elementalist (Elf:3)
  A reaper (IceCv)
  A very ugly thing (D:15)
  A deep elf annihilator (D:14)
  6 eleionomae
  6 bunyips
  Snorg (D:12)
  A deep elf death mage (Elf:3)
  A deep elf high priest (Elf:1)
  A great orb of eyes (D:15)
  2 shambling mangroves
  Harold (D:10)
  A vault guard (D:13)
  6 salamander tyrants
  An ogre mage (D:15)
  A spriggan air mage (Swamp:3)
  7 centaur warriors
  2 catoblepae
  4 boulder beetles
  6 two-headed ogres
  26 hydras
  26 dancing weapons
  A death knight (D:14)
  9 anacondas
  8 alligators
  10 naga warriors
  A tengu warrior (D:14)
  6 death yaks
  Urug (Lair:1)
  10 naga sharpshooters
  4 deep troll earth magi (D:14)
  6 orc high priests
  The ghost of crasatator the Ruffian, a novice TrBe of Trog (D:6)
  A spriggan berserker (Swamp:3)
  Amaemon (D:11)
  5 shock serpents
  13 deep elf knights
  A hell knight (D:14)
  5 salamander mystics
  5 goliath frogs
  11 sea snakes (Snake:4)
  11 swamp dragons
  9 skeletal warriors
  4 spriggan druids
  2 lindwurms
  11 deep elf archers
  A bog body (Swamp:4)
  2 wizards (D:13)
  3 naga ritualists
  9 orc knights
  7 mana vipers
  14 ugly things
  24 deep elf pyromancers
  A necromancer (D:13)
  15 deep elf zephyrmancers
  2 orc sorcerers (Orc:2)
  5 will-o-the-wisps
  22 salamanders
  3 manticores
  A wolf spider (Lair:5)
  8 elephants
  6 cyclopes
  5 guardian serpents
  Joseph (D:10)
  Maurice (D:10)
  11 naga magi
  2 ice statues (IceCv)
  36 black mambas
  2 torpor snails
  2 gargoyles
  An unseen horror (D:11)
  An orange demon (D:11)
  17 cane toads
  3 freezing wraiths
  5 rime drakes
  9 komodo dragons
  5 yaktaurs (D:15)
  9 ice devils
  An efreet (D:14)
  A komodo dragon (shapeshifter) (D:13)
  A tengu conjurer (D:14)
  6 trolls
  3 anaconda simulacra (IceCv)
  7 polar bears
  12 hornets
  A meliai (D:14)
  Prince Ribbit (D:6)
  12 tyrant leeches
  Grinder (D:6)
  5 dream sheep
  8 slime creatures
  A jumping spider (shapeshifter) (D:14)
  11 blink frogs
  2 air elementals (Elf:1)
  8 spriggans
  5 water elementals
  51 yaks
  A vampire (D:10)
  5 wraiths
  2 dire elephant simulacra (IceCv)
  4 basilisks
  5 steam dragons
  A golden eye (shapeshifter) (D:15)
  21 humans (D:13)
  14 wyverns
  A redback (Lair:5)
  11 vampire mosquitoes
  Menkaure (D:6)
  5 harpy simulacra (IceCv)
  2 wargs
  52 nagas
  2 acid dragons
  19 water moccasins
  17 swamp worms
  52 orc warriors
  5 swamp drakes
  8 ice beasts
  2 sky beasts (D:6)
  5 black bears
  A tengu (shapeshifter) (D:13)
  11 ogres
  8 wolves
  9 centaurs
  2 phantoms
  2 kobold brigands
  14 bullfrogs
  6 earth elementals
  A necrophage (D:6)
  13 wights
  5 scorpions
  A killer bee (D:9)
  5 electric eels
  10 howler monkeys
  A wyvern simulacrum (D:6)
  2 hounds
  36 orc priests
  2 jellies
  A gnoll bouda (D:9)
  Natasha (thrice) (D:2)
  24 orc wizards
  2 iguanas
  A spriggan simulacrum (IceCv)
  A centaur simulacrum (D:6)
  7 gnolls
  5 adders
  2 naga simulacra (IceCv)
  4 white imps
  An ufetubus (D:6)
  A worm (D:4)
  2 dart slugs
  80 orcs
  12 ball pythons
  3 bats
  4 endoplasms
  A giant cockroach (D:2)
  5 goblins
  4 hobgoblins
  3 jackals (D:4)
  7 quokkas
  3 frilled lizards
  10 kobolds
  3 rats
1183 creatures vanquished.

Vanquished Creatures (collateral kills)
  A naga sharpshooter (Snake:3)
  2 orc warriors (Orc:2)
3 creatures vanquished.

Vanquished Creatures (others)
  A deep elf zephyrmancer (Elf:3)
  A black mamba (Snake:1)
  A bloated husk (Swamp:3)
  A kobold (D:6)
  2 bushes
  14 foxfires
  19 fungi
  88 plants
  5 toadstools (D:1)
132 creatures vanquished.

Grand Total: 1318 creatures vanquished

Notes
Turn   | Place    | Note
-------+----------+-------------------------------------------
     0 | D:1      | Charly the Vine Stalker Brigand began the quest for the
                  | Orb.
     0 | D:1      | Reached XP level 1. HP: 11/11 MP: 2/2
    86 | D:1      | Reached skill level 5 in Stealth
   141 | D:1      | Reached XP level 2. HP: 15/15 MP: 3/3
   841 | D:2      | Noticed Natasha
   922 | D:2      | Reached XP level 3. HP: 6/19 MP: 2/4
  1201 | D:2      | Noticed a floating eye
  1209 | D:2      | Gained mutation: Your natural rate of healing is unusually
                  | fast. [Vine Stalker growth]
  1209 | D:2      | Reached XP level 4. HP: 23/23 MP: 5/5
  1209 | D:2      | Noticed a shining eye
  1211 | D:2      | Found a faded altar of an unknown god.
  1213 | D:2      | Noticed an eye of devastation
  1213 | D:2      | Noticed a shining eye
  2217 | D:3      | Found a burning altar of Makhleb.
  2217 | D:3      | Noticed a balrug
  2220 | D:3      | Noticed a hellwing
  2220 | D:3      | Noticed a smoke demon
  2312 | D:4      | Noticed a phantom
  2313 | D:4      | Killed a phantom
  2314 | D:4      | Reached XP level 5. HP: 28/28 MP: 6/6
  2351 | D:4      | Found Iklopp's Antique Armour Emporium.
  2401 | D:4      | Found Loce Qae's Armour Shoppe.
  2553 | D:4      | Reached XP level 6. HP: 29/32 MP: 4/7
  2767 | D:4      | Found a sparkling altar of Nemelex Xobeh.
  2768 | D:4      | Found a transporter.
  2969 | D:4      | Found an ancient bone altar of Kikubaaqudgha.
  3093 | D:4      | Reached XP level 7. HP: 35/37 MP: 6/8
  3345 | D:4      | Found a blossoming altar of Fedhas.
  3506 | D:2      | Killed Natasha
  3589 | D:2      | Noticed Natasha
  3600 | D:2      | Killed Natasha
  3672 | D:2      | Noticed Natasha
  3687 | D:2      | Killed Natasha
  3779 | D:2      | Found a faded altar of an unknown god.
  4050 | D:2      | Found a faded altar of an unknown god.
  4197 | D:5      | Entered Level 5 of the Dungeon
  4284 | D:5      | Found a hazy altar of Hepliaklqana.
  4457 | D:5      | Found Gozag's Platinum Reserve.
  4607 | D:5      | Found an opulent altar of Gozag.
  4743 | D:5      | Reached skill level 1 in Shields
  4743 | D:5      | Gained mutation: You have razor-sharp teeth. [Vine Stalker
                  | growth]
  4743 | D:5      | Reached XP level 8. HP: 39/42 MP: 9/9
  5073 | D:4      | Bought the +0 scale mail of Hospitality {Will+ Dex+6
                  | Slay+2} for 413 gold pieces
  5216 | D:6      | Noticed Prince Ribbit
  5252 | D:6      | Killed Prince Ribbit
  5253 | D:6      | Reached skill level 5 in Fighting
  5253 | D:6      | Reached skill level 5 in Short Blades
  5296 | D:6      | Found a transporter.
  5319 | D:6      | Noticed Grinder
  5334 | D:6      | Killed Grinder
  5335 | D:6      | Reached XP level 9. HP: 47/47 MP: 10/10
  5577 | D:6      | Noticed Menkaure
  5754 | D:6      | Killed Menkaure
  5755 | D:6      | Reached skill level 5 in Throwing
  5914 | D:6      | Found a runed translucent gate.
  5914 | D:6      | Found a runed translucent gate.
  5914 | D:6      | Found a runed translucent gate.
  6195 | D:6      | Identified the +2 hand axe of Goaxycw {vorpal, Fragile
                  | rPois rF++ rCorr}
  6195 | D:6      | Noticed crasatator's ghost (novice TrBe)
  6319 | D:6      | Found a transporter.
  6616 | D:7      | Found a staircase to the Ecumenical Temple.
  6644 | Temple   | Entered the Ecumenical Temple
  7020 | D:4      | Bought a +0 pair of gloves of strength for 126 gold pieces
  7168 | D:7      | Reached XP level 10. HP: 50/52 MP: 11/11
  7363 | D:7      | Reached skill level 10 in Stealth
  7391 | D:8      | Found a shadowy altar of Dithmenos.
  7421 | D:8      | Noticed a two-headed ogre
  7551 | D:8      | Noticed a cyclops
  7580 | D:8      | Killed a cyclops
  7581 | D:8      | Reached skill level 1 in Dodging
  7619 | D:8      | Killed a two-headed ogre
  7620 | D:8      | Reached skill level 1 in Armour
  7622 | D:8      | Identified the amulet of Bodily Harmony {Spirit Will+}
  7622 | D:8      | Noticed a skeletal warrior
  7666 | D:8      | Found Amalar's Jewellery Shoppe.
  7775 | D:8      | Found Putsymaa's Assorted Antiques.
  7784 | D:8      | Bought a glowing pink potion for 29 gold pieces
  8428 | D:9      | Reached skill level 5 in Shields
  8484 | D:9      | Reached XP level 11. HP: 30/58 MP: 8/12
  8516 | D:9      | Found an iron altar of Okawaru.
  8551 | D:9      | Reached skill level 1 in Evocations
  8805 | D:9      | Found a basalt altar of Yredelemnul.
  8910 | D:9      | Found a hide-covered altar of Uskayaw.
  8929 | D:9      | Became a worshipper of Uskayaw the Reveller
  9133 | D:10     | Entered Level 10 of the Dungeon
  9139 | D:10     | Reached * piety under Uskayaw
  9146 | D:10     | Reached ** piety under Uskayaw
  9279 | D:10     | Noticed a two-headed ogre
  9291 | D:10     | Killed a two-headed ogre
  9292 | D:10     | Reached skill level 1 in Invocations
  9376 | D:10     | Noticed Harold
  9377 | D:10     | Found a radiant altar of Vehumet.
  9385 | D:10     | Killed Harold
  9474 | D:10     | Found a broken altar of Ashenzari.
  9561 | D:10     | Found a glowing silver altar of Zin.
  9574 | D:10     | Noticed Joseph
  9577 | D:10     | Killed Joseph
  9578 | D:10     | Reached skill level 2 in Invocations
  9611 | D:10     | Reached *** piety under Uskayaw
  9613 | D:10     | Reached **** piety under Uskayaw
  9621 | D:10     | Reached ***** piety under Uskayaw
  9649 | D:10     | Noticed Maurice
  9660 | D:10     | Killed Maurice
  9666 | D:10     | Found a glowing golden altar of the Shining One.
  9686 | D:10     | Reached skill level 3 in Invocations
 10071 | D:11     | Found a transporter.
 10240 | D:11     | Found a transporter.
 10305 | D:11     | Noticed a boulder beetle
 10334 | D:11     | Killed a boulder beetle
 10347 | D:11     | Found a staircase to the Lair.
 10353 | D:11     | Reached XP level 12. HP: 64/64 MP: 15/15
 10379 | D:11     | Reached skill level 4 in Invocations
 10389 | D:11     | Reached ****** piety under Uskayaw
 10467 | D:11     | Noticed Amaemon
 10488 | D:11     | Killed Amaemon
 11377 | D:12     | Found a frozen archway.
 11393 | IceCv    | Entered an ice cave
 11404 | IceCv    | Reached skill level 5 in Invocations
 11538 | IceCv    | Reached skill level 10 in Short Blades
 11879 | IceCv    | Reached skill level 5 in Dodging
 11879 | IceCv    | Reached skill level 6 in Invocations
 11949 | IceCv    | Noticed a reaper
 12001 | IceCv    | Killed a reaper
 12136 | IceCv    | Got the Compilation of the Badger
 12642 | D:6      | Killed crasatator's ghost
 12643 | D:6      | Reached skill level 5 in Armour
 12807 | Lair:1   | Entered Level 1 of the Lair of Beasts
 12922 | Lair:1   | Noticed Urug
 12924 | Lair:1   | Reached XP level 13. HP: 69/69 MP: 18/18
 12942 | Lair:1   | Killed Urug
 12983 | Lair:1   | Reached skill level 5 in Evocations
 13045 | Lair:1   | Reached skill level 7 in Invocations
 14266 | Lair:2   | Found a staircase to the Swamp.
 14336 | Lair:2   | Found a staircase to the Snake Pit.
 14409 | Lair:2   | Reached skill level 8 in Invocations
 15100 | Lair:2   | Reached skill level 9 in Invocations
 15456 | Lair:3   | Reached XP level 14. HP: 75/75 MP: 21/21
 16386 | D:8      | Bought an amulet of faith for 560 gold pieces
 16552 | Lair:4   | Found a staircase to the Slime Pits.
 16633 | Lair:4   | Learned a level 2 spell: Blink
 17062 | Lair:5   | Entered Level 5 of the Lair of Beasts
 17076 | Lair:5   | Reached skill level 10 in Invocations
 17079 | Lair:5   | HP: 1/76 [four-headed hydra (4)]
 17309 | Lair:5   | Reached skill level 10 in Fighting
 17881 | Lair:5   | Learned a level 3 spell: Ozocubu's Armour
 17896 | Lair:5   | Reached skill level 11 in Invocations
 18027 | Lair:5   | Reached XP level 15. HP: 76/81 MP: 24/24
 18692 | D:12     | Found a staircase to the Orcish Mines.
 19027 | D:12     | Noticed Snorg
 19045 | D:12     | Killed Snorg
 19544 | D:13     | Reached skill level 12 in Invocations
 19966 | D:13     | Found a gate to the Vaults.
 19993 | D:13     | Identified the +5 ring mail of Fun and Games {rPois}
 20366 | D:14     | Found a transporter.
 20673 | D:14     | Found a transporter.
 21215 | D:14     | Noticed a frost giant
 21224 | D:14     | Reached XP level 16. HP: 30/87 MP: 8/26
 21227 | D:14     | Reached skill level 13 in Invocations
 21286 | D:14     | Identified the amulet "Pusoa" {RegenMP rN++}
 21299 | D:14     | Identified the amulet "Boneenk" {rC+ Regen+ Str+2 Dex+4
                  | Stlth-}
 21338 | D:15     | Entered Level 15 of the Dungeon
 21679 | D:15     | Found a staircase to the Depths.
 22114 | Orc:1    | Entered Level 1 of the Orcish Mines
 22146 | Orc:1    | Found a burning altar of Makhleb.
 22182 | Orc:1    | You fall into a shaft and drop 1 floor!
 22182 | Orc:2    | Entered Level 2 of the Orcish Mines
 22535 | Orc:2    | Found a staircase to the Elven Halls.
 22813 | Orc:2    | Found Rekyqiec's Distillery.
 22917 | Orc:2    | Reached skill level 14 in Invocations
 23232 | Orc:2    | Found Muffotul's General Store.
 23235 | Orc:2    | Found Nichae's Antique Armour Boutique.
 23236 | Orc:2    | Found Sikhlex's Magic Scroll Boutique.
 23237 | Orc:2    | Found Sij Igu's Weapon Shop.
 23578 | Orc:2    | Bought a scroll of teleportation for 51 gold pieces
 23578 | Orc:2    | Bought a scroll of fog for 68 gold pieces
 23578 | Orc:2    | Bought a scroll of fear for 68 gold pieces
 23578 | Orc:2    | Bought a scroll of enchant armour for 127 gold pieces
 23578 | Orc:2    | Bought a scroll of butterflies for 68 gold pieces
 23754 | D:8      | Bought a potion of curing for 99 gold pieces
 23905 | Orc:2    | Bought a potion of haste for 150 gold pieces
 23905 | Orc:2    | Bought a potion of haste for 150 gold pieces
 23905 | Orc:2    | Bought 2 potions of invisibility for 240 gold pieces
 23972 | Orc:2    | Bought a potion of cancellation for 144 gold pieces
 24039 | Orc:2    | Bought a potion of flight for 45 gold pieces
 24281 | Swamp:1  | Entered Level 1 of the Swamp
 24403 | Swamp:1  | Identified the +1 robe "Zugukos" {Int-5 Slay+4}
 24437 | Swamp:1  | Reached XP level 17. HP: 77/93 MP: 25/28
 24455 | Swamp:1  | Reached skill level 1 in Long Blades
 24480 | Swamp:1  | Reached skill level 10 in Shields
 24925 | Swamp:2  | Found a transporter.
 24926 | Swamp:2  | Noticed a tentacled monstrosity
 24944 | Swamp:2  | Reached skill level 10 in Evocations
 25038 | Swamp:2  | Noticed Nikola
 25064 | Swamp:2  | Killed Nikola
 25066 | Swamp:2  | Noticed a tentacled monstrosity
 25119 | Swamp:2  | Found a transporter.
 25147 | Swamp:2  | Noticed Roxanne
 25911 | Swamp:3  | Reached skill level 15 in Invocations
 26106 | Swamp:3  | Identified the +6 great sword of Fury {drain, Fly rN+++
                  | Int-2 Dex-4}
 26460 | Swamp:3  | Identified the +4 chain mail "Iguujyoz" {rElec Regen+}
 26585 | Swamp:4  | Entered Level 4 of the Swamp
 26701 | Swamp:4  | Noticed the 27-headed Lernaean hydra
 26702 | Swamp:4  | Killed the 27-headed Lernaean hydra
 26711 | Swamp:4  | Reached skill level 10 in Dodging
 26807 | Swamp:4  | Got a decaying rune of Zot
 26953 | Swamp:4  | Reached XP level 18. HP: 92/98 MP: 30/30
 27310 | Snake:1  | Entered Level 1 of the Snake Pit
 27388 | Snake:1  | Learned a level 2 spell: Wereblood
 27518 | Snake:1  | Found Zoafeeb's Antique Armour Boutique.
 27522 | Snake:1  | Found Qialiude's General Store.
 28043 | Snake:1  | Bought a warped cloak for 285 gold pieces
 28043 | Snake:1  | Identified the +2 cloak of Benevolence {Slay+5} (You bought
                  | it in a shop on level 1 of the Snake Pit)
 28059 | Snake:1  | Bought a wand of light (5) for 336 gold pieces
 28059 | Snake:1  | Bought a potion of resistance for 160 gold pieces
 28059 | Snake:1  | Bought a potion of curing for 48 gold pieces
 28106 | Snake:2  | Found Qownyv's Distillery.
 28370 | Snake:2  | Reached skill level 16 in Invocations
 28407 | Snake:2  | Noticed Frances
 28425 | Snake:2  | Killed Frances
 29553 | Snake:3  | Noticed Jorgrun
 29567 | Snake:3  | Killed Jorgrun
 29650 | Snake:3  | Found a shadowy altar of Dithmenos.
 29924 | Snake:3  | Noticed Vashnia
 29925 | Snake:3  | Noticed Aizul
 29931 | Snake:3  | Killed Vashnia
 29937 | Snake:3  | Killed Aizul
 29939 | Snake:3  | Reached XP level 19. HP: 58/104 MP: 32/32
 30143 | Snake:4  | Entered Level 4 of the Snake Pit
 30355 | Snake:4  | Noticed Mara
 30358 | Snake:4  | Noticed Charly's illusion
 30502 | Snake:4  | Noticed Donald
 30518 | Snake:4  | Killed Donald
 30558 | Snake:4  | Killed Mara
 31079 | Snake:4  | Reached skill level 17 in Invocations
 31153 | Snake:4  | Got a serpentine rune of Zot
 31229 | Snake:4  | Noticed Saint Roka
 31240 | Snake:4  | Killed Saint Roka
 31609 | Snake:2  | Bought a potion of haste for 140 gold pieces
 31609 | Snake:2  | Bought a potion of magic for 112 gold pieces
 31609 | Snake:2  | Bought a potion of resistance for 140 gold pieces
 31839 | Vaults:1 | Entered Level 1 of the Vaults
 31944 | Elf:1    | Entered Level 1 of the Elven Halls
 31963 | Elf:1    | Noticed Asterion
 32052 | Elf:1    | Killed Asterion
 32390 | Elf:1    | Found a large runed translucent door.
 32390 | Elf:1    | Noticed Manet's ghost (adept DsEn)
 32391 | Elf:1    | Found a large runed translucent door.
 32720 | Elf:1    | Got the Textbook on Generative Arcane Weapons
 32758 | Elf:1    | Killed Manet's ghost
 32888 | Elf:2    | Reached XP level 20. HP: 109/109 MP: 33/33
 32899 | Elf:2    | Found a runed translucent gate.
 32899 | Elf:2    | Found a runed translucent gate.
 32899 | Elf:2    | Found a runed translucent gate.
 32983 | Elf:2    | Found Taujegri's General Store.
 33064 | Elf:2    | Noticed Agnes
 33067 | Elf:2    | Killed Agnes
 33498 | Elf:3    | Entered Level 3 of the Elven Halls
 33749 | Elf:3    | Identified the +7 halberd of the Evil Eye {vamp, rPois
                  | Dex+3}
 33767 | Elf:3    | Learned a level 3 spell: Swiftness
 33833 | Elf:3    | Killed from afar by a deep elf zephyrmancer

Illustrated notes

Levels and vault maps discovered:
D:1:      ldierk_walled_garden, layout_basic
D:2:      layout_basic, hellmonk_ecumenical_altar_watching_god, uniq_natasha
D:3:      layout_loops_ring, makhleb_altar_promises_db,
          nicolae_underground_beach
D:4:      layout_loops_ring, mainiacjoe_overflow_alcove_4,
          general_overflow_altar, grunt_nemelex_the_gamble, serial_shops,
          nicolae_take_the_stairs, shop, minmay_crystal_room,
          saegor_snake_ambush
D:5:      layout_loops_ring, nicolae_gozag_zags_fifth_avenue, lemuel_tele_altar
D:6:      gammafunk_steamed_eel, layout_basic, gammafunk_ghost_icy,
          minmay_hedge_maze, uniq_menkaure, uniq_prince_ribbit1, uniq_grinder
D:7:      layout_cave_pools, minmay_temple_entry_large_hall
D:8:      minmay_razor_zed, layout_rooms, grunt_dithmenos_smoke, serial_shops,
          nicolae_shop_overgrown_old_shop, shop, minmay_diamond_spiral
D:9:      cheibrodos_helix_gallery, layout_cave_pools,
          overflow_temple_1_default, nicolae_overflow_crystal_walls,
          overflow_temple_1_default
D:10:     layout_gridville, lemuel_doored_altar, mainiacjoe_overflow_brackets,
          cheibrodos_ashenzari_chains, tso_oasis_becter, kennysheep_boxes,
          uniq_joseph, uniq_maurice, uniq_harold
D:11:     layout_basic, hellmonk_lair_entry_icy, nicolae_diode_stairs,
          uniq_amaemon
D:12:     layout_stronghold, orc_0_dummy, portal_ice_cave_demonic_guard,
          uniq_snorg
D:13:     layout_gridville, grunt_vaults_entry_tiered
D:14:     gammafunk_dig_for_victory, layout_loops_ring,
          chequers_serial_rivers_large_b
D:15:     gammafunk_enter_depths_forms, layout_rooms, skrybe_limestone_x
Temple:   hellmonk_temple_of_storms
Lair:1:   layout_gridlike, serial_bayou, serial_bayou_pond_e,
          serial_bayou_pond_c, serial_bayou_pond_b, serial_bayou_shore_b,
          small_statue_intersection, gammafunk_lair_bear_cave,
          serial_bayou_shore_b, uniq_urug
Lair:2:   nzn_winding_woodlands_large [nzn_winding_woodlands_5x5_perimeter,
          nzn_winding_woodlands_5x15_crooked, nzn_winding_woodlands_5x5_default,
          nzn_winding_woodlands_center_diamonds,
          nzn_winding_woodlands_15x15_killbox,
          nzn_winding_woodlands_center_garden, nzn_winding_woodlands_5x5_cross,
          nzn_winding_woodlands_5x15_sidewinder,
          nzn_winding_woodlands_5x5_checkerboard], layout_layer_cave,
          palyth_hydra_swamp_entry, guppyfry_snake_entry_island,
          serial_bayou_pond_a, minivault_26, nicolae_quartered_pool_medium
Lair:3:   layout_hall_layers, patterned_corridor
Lair:4:   layout_cave_shapes, slime_entry_1
Lair:5:   hangedman_lair_tendril_chambers, layout_cave_pods, grunt_megastairs_5
Swamp:1:  layout_basic_swamp, evilmike_swamp_ruin_rubble_1, swamp_pool3
Swamp:2:  gammafunk_sealed_arena, layout_falls_marsh,
          nicolae_swamp_orc_logging_accident, uniq_nikola, uniq_roxanne
Swamp:3:  layout_falls_marsh, evilmike_swamp_ruin_house_1
Swamp:4:  swamp_alternative, layout_basic_swamp
Snake:1:  layout_misc_corridors, minmay_shop_star
Snake:2:  layout_basic, serial_shops, shop_statue, uniq_frances
Snake:3:  layout_gridlike, basic_altar, uniq_jorgrun, uniq_vashnia, uniq_aizul
Snake:4:  minmay_snake_end_coiled, layout_chambers, serial_bayou_lake_a,
          uniq_saint_roka, uniq_donald, uniq_mara
Orc:1:    layout_diamond_mine, basic_altar
Orc:2:    st_orc_pillars, layout_diamond_mine, serial_shops,
          nicolae_shop_behind_doors
Elf:1:    nicolae_elf_arrival_fired_up, layout_rooms,
          ebering_ghost_disaster_area, minmay_elf_sorcery, uniq_asterion
Elf:2:    elven_hall_of_blades_hangedman_original [nooodl_blade_entry_preview],
          layout_rooms, serial_shops, shop, uniq_agnes
Elf:3:    minmay_elf_hall_curves, layout_geoelf_grid, minmay_shop_grove
Vaults:1: hangedman_vaults_variations, v_alt_pattern_3, v_misc_29,
          vaults_dpeg_hooks, ontoclasm_vaults_ring_square,
          ontoclasm_vaults_ligature, ontoclasm_vaults_pinch,
          ontoclasm_vaults_eye, hangedman_vaults_maws,
          layout_vaults_chaotic_city

Skill      XL: |  1  2  3  4  5  6  7  8  9 10 11 12 13 14 15 16 17 18 19 20 |
---------------+-------------------------------------------------------------+-----
Fighting       | 2 3 4 5 6 7 8 9 10 11 12 13 | 13.8
Short Blades   | 2 3 4 5 6 7 9 10 12 13 | 13.6
Stealth        | 5 6 7 8 9 10 | 10.0
Throwing       | 2 3 4 5 6 |  6.0
Shields        | 1 2 4 5 6 7 9 10 11 12 | 12.2
Dodging        | 2 4 5 6 7 8 9 10 11 | 11.4
Armour         | 2 3 5 |  5.0
Evocations     | 3 4 6 7 8 9 10 11 12 | 12.0
Invocations    | 3 6 9 11 12 14 15 16 17 | 17.8
Long Blades    | 1 |  1.0

Action                   |  1- 3 |  4- 6 |  7- 9 | 10-12 | 13-15 | 16-18 | 19-21 || total
-------------------------+-------+-------+-------+-------+-------+-------+-------++-------
Melee: Dagger            |    59 |   121 |   161 |       |       |       |       ||   341
       Bite              |    11 |    25 |    94 |   338 |   488 |   624 |   201 ||  1781
       Punch             |       |     1 |       |       |       |       |       ||     1
       Short sword       |       |       |    78 |   718 |  1014 |   779 |       ||  2589
       Rapier            |       |       |       |       |       |   599 |   484 ||  1083
Throw: Dart              |    34 |    18 |    36 |    11 |       |       |       ||    99
       Throwing net      |       |       |       |     1 |       |       |       ||     1
Invok: Line Pass         |       |       |       |     4 |     2 |     6 |     2 ||    14
       Stomp             |       |       |       |       |     2 |       |       ||     2
       Grand Finale      |       |       |       |       |       |     6 |       ||     6
Evoke: Wand              |       |       |     4 |     3 |       |    10 |     2 ||    19
       Lightning rod     |       |       |       |     4 |       |     3 |       ||     7
       Tin of tremorston |       |       |       |       |     6 |    10 |     3 ||    19
       Condenser vane    |       |       |       |       |     2 |     4 |     3 ||     9
       Phial of floods   |       |       |       |       |     1 |       |       ||     1
       Box of beasts     |       |       |       |       |       |     2 |       ||     2
  Use: Potion            |     2 |       |       |       |     3 |     1 |       ||     6
       Scroll            |     1 |     6 |     9 |    12 |     9 |     9 |     3 ||    49
 Stab: Sleeping          |     5 |     9 |     9 |    18 |    21 |    27 |     9 ||    98
       Distracted        |       |       |       |     2 |     5 |     3 |     2 ||    12
       Paralysed         |       |       |       |    12 |    73 |   107 |    50 ||   242
       Held in net/web   |       |       |       |     2 |       |       |       ||     2
       Invisible         |       |       |       |     4 |       |     3 |       ||     7
       Confused          |       |       |       |     3 |     2 |     8 |     2 ||    15
Armor: Robe              |     3 |       |       |       |       |       |       ||     3
       Ring mail         |    11 |    22 |    18 |       |       |   188 |    17 ||   256
       Leather armour    |     1 |       |       |       |       |       |       ||     1
       Scale mail        |       |       |    24 |   121 |   242 |    79 |    36 ||   502
Dodge: Dodged            |    37 |    36 |    44 |   139 |   339 |   479 |    97 ||  1171
Block: Other             |       |    19 |     5 |       |       |       |       ||    24
       Reflection        |       |     1 |     7 |    13 |     1 |       |       ||    22
       Buckler           |       |       |    73 |   264 |       |       |       ||   337
       Kite shield       |       |       |       |    13 |   683 |   961 |   264 ||  1921

Table legend: (Time is in decaauts)
 A = Elapsed time spent in this place.
 B = Non-inter-level travel time spent in this place.
 C = Inter-level travel time spent in this place.
 D = Time resting spent in this place.
 E = Time spent auto-exploring this place.
 F = Levels seen in this place.
 G = Mean time per level.
                   A        B        C        D        E       F      G
               +--------+--------+--------+--------+--------+-----+--------+
         Total |  32902 |  28944 |   3958 |    472 |  21138 |  36 |  913.9 |
       Dungeon |  15669 |  13474 |   2195 |    390 |   9803 |  15 | 1044.6 |
        Temple |     42 |     36 |      6 |      0 |     29 |   1 |   42.0 |
          Lair |   5637 |   5044 |    593 |     63 |   3971 |   5 | 1127.4 |
         Swamp |   3025 |   2858 |    167 |      0 |   2104 |   4 |  756.2 |
     Snake Pit |   4284 |   3898 |    386 |      9 |   2881 |   4 | 1071.0 |
  Orcish Mines |   1773 |   1240 |    533 |      0 |    837 |   2 |  886.5 |
   Elven Halls |   1783 |   1710 |     73 |      2 |   1128 |   3 |  594.3 |
        Vaults |      1 |      0 |      1 |      0 |      0 |   1 |    1.0 |
      Ice Cave |    683 |    683 |      0 |      8 |    383 |   1 |  683.0 |
               +--------+--------+--------+--------+--------+-----+--------+

Top non-repeatable levels by time:
     D:6: 1672 daAuts
  Lair:2: 1614 daAuts
    D:11: 1425 daAuts
 Snake:4: 1372 daAuts
 Snake:2: 1336 daAuts
  Lair:5: 1331 daAuts
     D:4: 1298 daAuts
     D:2: 1247 daAuts
   Orc:2: 1179 daAuts
  Lair:1: 1176 daAuts
    D:12: 1063 daAuts
     D:8: 1061 daAuts
    D:14: 1059 daAuts
    D:10: 990 daAuts
     D:5: 981 daAuts
